 Dungeon Crawl Stone Soup version 0.26-a0-652-gafc20e3620 (webtiles) character file.

Game seed: 3994479324934702341

1082 strifetoe the Cudgeler (level 8, -11/67 HPs)
             Began as a Palentonga Abyssal Knight on Oct 3, 2020.
             Was an Elder of Lugonu.
             Mangled by an ogre
             ... wielding a +0 giant club
              (24 damage)
             ... on level 6 of the Dungeon.
             The game lasted 00:11:03 (8628 turns).

strifetoe the Cudgeler (Palentonga Abyssal Knight)  Turns: 8628, Time: 00:11:04

Health: -11/67     AC: 10    Str: 18    XL:     8   Next: 8%
Magic:  9/9        EV:  3    Int: 13    God:    Lugonu [****..]
Gold:   265        SH:  2    Dex:  9    Spells: 7/7 levels left

rFire    . . .     SeeInvis +   u - +0 war axe
rCold    . . .     Faith    .   n - +0 buckler
rNeg     + . .     Spirit   .   i - +0 plate armour
rPois    .         Reflect  .   (no helmet)
rElec    .         Harm     .   (no cloak)
rCorr    .         Rampage  .   s - +0 pair of gloves (curse)
MR       .....                  (no barding)
Stlth    ..........             j - amulet of the acrobat
HPRegen  0.21/turn              v - ring of stealth
MPRegen  0.11/turn              c - ring of positive energy

@: no status effects
A: large, rugged brown scales 3, see invisible, deformed body, roll, armoured
tail
a: Rolling Charge, Depart the Abyss, Bend Space, Banish, Corrupt, Renounce
Religion


You were on level 6 of the Dungeon.
You worshipped Lugonu.
Lugonu was greatly pleased with you.
You visited 1 branch of the dungeon, and saw 6 of its levels.
You visited the Abyss 1 time.
You also visited: Sewer.

You collected 265 gold pieces.

Inventory:

Hand Weapons
 a - a +1 mace
 u - a +0 war axe (weapon)
 w - a +0 morningstar
Armour
 f - a +0 scale mail
 i - a +0 plate armour (worn)
 n - a +0 buckler (worn)
 s - a cursed +0 pair of gloves (worn)
Jewellery
 c - a ring of positive energy (right hand)
 j - an amulet of the acrobat (around neck)
 k - an uncursed ring of resist corrosion
 v - a ring of stealth (left hand)
Scrolls
 b - a scroll of blinking
 e - a scroll of magic mapping
 g - a scroll of teleportation
 h - a scroll of amnesia
 l - 3 scrolls of remove curse
 x - 3 scrolls of summoning {unknown}
 y - a scroll of fog {unknown}
Potions
 d - 2 potions of lignification
 m - 3 potions of haste
 o - a potion of stabbing
 p - a potion of brilliance {unknown}
 q - a potion of might
 r - 2 potions of mutation
 t - 2 potions of heal wounds {unknown}


   Skills:
 - Level 3.0 Fighting
 - Level 5.4(6.7) Axes
 + Level 5.8(6.9) Maces & Flails
 - Level 3.0 Armour
 + Level 3.3 Dodging
 - Level 2.0 Invocations


You had 7 spell levels left.
You didn't know any spells.
Your spell library contained the following spells:

 Spells                   Type           Power        Failure   Level
 Magic Dart               Conj           #...         100%        1
 Blink                    Tloc           N/A          100%        2
 Call Imp                 Summ           #.......     100%        2
 Slow                     Hex            #.......     100%        2
 Conjure Flame            Conj/Fire      #.......     100%        3
 Mephitic Cloud           Conj/Pois/Air  #.......     100%        3


Dungeon Overview and Level Annotations

Branches:
Dungeon (6/15)             Temple (0/1) D:5           Sewer (visited)

Altars:
Nemelex Xobeh
Ru
The Shining One

Annotations:
D:4 2 transporters, exclusion: downstairs, Ludicrosity's ghost, amateur DEIE


Innate Abilities, Weirdness & Mutations

You are completely covered in rugged brown scales. (AC +3, +7% HP)
You have supernaturally acute eyesight. (SInv)
Armour fits poorly on your strangely shaped body.
You can roll at foes to attack.
You have a long armoured tail.


Message History

The ogre is lightly wounded.
The ogre completely misses you.
You closely miss the ogre.
The ogre is lightly wounded.
The ogre hits you with a +0 giant club!
You slash the ogre!
The ogre is moderately wounded.
The ogre hits you with a +0 giant club!!
You are too injured to fight recklessly!
Unknown command.
You are too injured to fight recklessly!
You hit the ogre.
The ogre is moderately wounded.
The ogre hits you with a +0 giant club!
* * * LOW HITPOINT WARNING * * *
Unknown command.
You slash the ogre!
The ogre is severely wounded.
The ogre hits you with a +0 giant club!!
You die...

#.###.# *****
*,,,,,,,, #..##.#
*...# *********
##.##.# *...# *
##.##.# *...# *** *
......# ##...###***,*
* ###.#.#
#......,,,,,* *
.##...# #....#*****,*
* .###..# #O...# *,*
* .# #.># #@...# *,*
* .# #### #..$.# *,*
* .# #....# *,* *
.###############....#
*,* *
.#...............####
*,* *
##.###############
*,* * .#.# *,* * .#.#
***,* * .#.# *,,,*


You could see an ogre.

Vanquished Creatures
  An orc warrior (D:5)
  2 ogres (D:5)
  2 bullfrogs (Sewer)
  4 orc wizards
  2 orc priests (D:3)
  A bullfrog skeleton (D:5)
  An iguana (D:5)
  4 worker ants
  3 gnolls (D:3)
  12 adders
  A white imp (D:5)
  An ufetubus (D:6)
  11 oozes (Sewer)
  An adder skeleton (D:5)
  A worm (D:2)
  8 leopard geckos
  20 orcs
  8 ball pythons (Sewer)
  14 giant cockroaches
  10 goblins
  5 hobgoblins
  7 jackals
  3 quokkas
  9 bats
  17 frilled lizards
  5 kobolds
  5 rats
158 creatures vanquished.

Vanquished Creatures (others)
  An orc (D:3)
1 creature vanquished.

Grand Total: 159 creatures vanquished

Notes
Turn   | Place    | Note
-------+----------+-------------------------------------------
     0 | Abyss:1  | strifetoe the Palentonga Abyssal Knight began the quest for
                  | the Orb.
     0 | Abyss:1  | Reached XP level 1. HP: 20/20 MP: 2/2
     0 | D:1      | Escaped the Abyss
   360 | D:1      | Reached XP level 2. HP: 27/27 MP: 3/3
   674 | D:1      | Reached * piety under Lugonu
  1505 | D:2      | Reached XP level 3. HP: 33/33 MP: 4/4
  2178 | D:2      | Found a glowing golden altar of the Shining One.
  2487 | D:2      | Reached XP level 4. HP: 39/40 MP: 5/5
  2931 | D:3      | Reached skill level 1 in Axes
  3167 | D:3      | Reached ** piety under Lugonu
  3168 | D:3      | Reached XP level 5. HP: 32/48 MP: 6/6
  4256 | D:3      | Found a sparkling altar of Nemelex Xobeh.
  4610 | D:4      | Found a transporter.
  4612 | D:4      | Found a transporter.
  4613 | D:4      | Noticed Ludicrosity's ghost (amateur DEIE)
  4621 | D:4      | Reached XP level 6. HP: 47/54 MP: 7/7
  5620 | D:5      | Entered Level 5 of the Dungeon
  5627 | D:5      | Found a sacrificial altar of Ru.
  5641 | D:5      | Reached skill level 5 in Axes
  5785 | D:5      | Found a staircase to the Ecumenical Temple.
  6269 | D:5      | Noticed an orc warrior
  6538 | D:5      | Reached skill level 5 in Maces & Flails
  6538 | D:5      | Reached XP level 7. HP: 60/60 MP: 8/8
  6544 | D:5      | Reached skill level 1 in Dodging
  7530 | D:6      | Found a glowing drain.
  7535 | Sewer    | Entered a sewer
  7961 | Sewer    | Reached *** piety under Lugonu
  8396 | Sewer    | Reached XP level 8. HP: 58/67 MP: 9/9
  8401 | Sewer    | Reached **** piety under Lugonu
  8628 | D:6      | Mangled by an ogre

Illustrated notes

Levels and vault maps discovered:
D:1:      dpeg_arrival_simpleton_c, layout_basic
D:2:      kennysheep_big_flooded_room, layout_loops_ring, marbit_many_paths,
          small_statue_intersection, grunt_ministairs_4
D:3:      minmay_inner_zag, layout_basic, nemelex_xobeh_ov_fountains_minmay,
          grunt_ministairs_9
D:4:      layout_gridville, gammafunk_ghost_mausoleum
D:5:      layout_gridville, minmay_temple_entry_statues,
          nicolae_ru_great_annihilating_truth
D:6:      layout_basic, portal_sewer_entry_e

Skill      XL: |  1  2  3  4  5  6  7 |
---------------+----------------------+-----
Maces & Flails | 3 4 5 |  5.8
Axes           | 2 4 5 |  5.4
Armour         | 3 |  3.0
Dodging        | 3 |  3.3
Fighting       | |  3.0
Invocations    | |  2.0

Action                   |  1- 3 |  4- 6 |  7- 9 || total
-------------------------+-------+-------+-------++-------
Melee: Mace              |   107 |     4 |       ||   111
       Tailslap          |     7 |    31 |    16 ||    54
       War axe           |       |   173 |   105 ||   278
       Morningstar       |       |     6 |   137 ||   143
Invok: Depart the Abyss  |     1 |       |       ||     1
Evoke: Wand              |       |     4 |     3 ||     7
  Use: Potion            |       |     5 |     2 ||     7
       Scroll            |       |    12 |     3 ||    15
 Stab: Paralysed         |       |     1 |       ||     1
Armor: Leather armour    |    17 |       |       ||    17
       Ring mail         |    54 |    52 |       ||   106
       Scale mail        |     4 |    30 |     4 ||    38
       Plate armour      |       |       |   227 ||   227
Dodge: Dodged            |    26 |    70 |    94 ||   190
Block: Buckler           |     8 |    24 |    27 ||    59

Table legend: (Time is in decaauts)
 A = Elapsed time spent in this place.
 B = Non-inter-level travel time spent in this place.
 C = Inter-level travel time spent in this place.
 D = Time resting spent in this place.
 E = Time spent auto-exploring this place.
 F = Levels seen in this place.
 G = Mean time per level.
                   A        B        C        D        E       F      G
               +--------+--------+--------+--------+--------+-----+--------+
         Total |   8848 |   8600 |    248 |   2504 |   4440 |   8 | 1106.0 |
       Dungeon |   7825 |   7577 |    248 |   2045 |   4358 |   6 | 1304.2 |
         Abyss |      0 |      0 |      0 |      0 |      0 |   1 |    0.0 |
         Sewer |   1023 |   1023 |      0 |    459 |     82 |   1 | 1023.0 |
               +--------+--------+--------+--------+--------+-----+--------+

Top non-repeatable levels by time:
     D:2: 1852 daAuts
     D:4: 1799 daAuts
     D:3: 1673 daAuts
     D:5: 1233 daAuts
   Sewer: 1023 daAuts
     D:1: 1016 daAuts
     D:6: 251 daAuts
